 Dungeon Crawl Stone Soup version 0.16-a0-1858-gba9b1e2 (webtiles) character file.

272 RobertPalmer the Insei (level 6, -1/48 HPs)
             Began as a Demonspawn Transmuter on Nov 4, 2014.
             Slain by a giant frog (9 damage)
             ... in a sewer.
             The game lasted 00:07:45 (4951 turns).

RobertPalmer the Insei (Demonspawn Transmuter)      Turns: 4951, Time: 00:07:45

Health: -1/48      AC:  3    Str: 10    XL:     6   Next: 2%
Magic:  10/10      EV: 12    Int: 16    God:
Gold:   79         SH:  0    Dex: 17    Spells: 2 memorised, 6 levels left

rFire  . . .     SeeInvis +       - Unarmed
rCold  . . .     Clarity  .     c - +0 robe
rNeg   . . .     SustAb   .     (no shield)
rPois  .         Gourm    .     (helmet restricted)
rElec  .         Spirit   .     (no cloak)
rCorr  .         Warding  .     (no gloves)
rMut   .         Stasis   .     (no boots)
MR     .....                    (no amulet)
Stlth  ++........               e - ring of see invisible
                                o - +3 ring of dexterity

@: very slightly contaminated, hasted, very quick, not resistant to hostile
enchantments, unstealthy
A: horns 1, rugged brown scales 1, robust 1
a: no special abilities


You were in a sewer.
You were hungry.

You visited 1 branch of the dungeon, and saw 3 of its levels.
You also visited: Sewer.

You collected 79 gold pieces.


Innate Abilities, Weirdness & Mutations

You have a pair of small horns on your head.
You are partially covered in rugged brown scales (AC +1, +3% HP).
You are robust (+10% HP).


   Skills:
 - Level 1.0 Fighting
 - Level 1.7 Dodging
 + Level 6.2 Unarmed Combat
 - Level 2.0 Spellcasting
 - Level 1.7 Transmutations


You had 6 spell levels left.
You knew the following spells:

 Your Spells              Type           Power        Failure   Level  Hunger
z - Beastly Appendage     Trmt           #.....       12%         1    #......
Z - Sticks to Snakes      Trmt           #.........   17%         2    ###....

Inventory:

Missiles
 b - 10 arrows
 s - 14 arrows of frost
Armour
 a - a +1 pair of gloves
 c - a +0 robe (worn)
Jewellery
 e - a ring of see invisible (right hand)
 n - a cursed ring of loudness
 o - a +3 ring of dexterity (left hand)
Scrolls
 j - 3 scrolls of remove curse
 p - a scroll of recharging
 t - a scroll of fog
 u - a scroll of fear {unknown}
Potions
 g - a potion of curing {unknown}
 h - a potion of poison {unknown}
 l - a potion of might {unknown}
 q - a potion of mutation {!q}
 v - a potion of magic {unknown}
 w - a potion of brilliance {unknown}
Books
 d - a book of Changes
Comestibles
 f - a royal jelly
 r - a slice of pizza

Dungeon Overview and Level Annotations

Branches:
Dungeon (3/15)

Altars:
The Shining One

###### ####....####
###..........###
##..............##
##....†....S......##
#........##SS......#
##......####F#......##
#......## #.@##......#
#..≈..≈# #..##SS..≈≈#
#≈≈≈≈≈≈# #####≈S≈≈≈≈#
#≈≈≈≈≈≈# #l≈≈≈≈≈#
#≈≈≈≈≈≈# #≈≈≈≈≈≈#
#≈≈≈≈≈≈# #≈≈≈≈≈≈#
#≈≈≈≈≈≈# #≈≈≈≈≈≈#
#≈.÷÷÷≈# #≈≈≈≈≈≈#
#≈≈)(÷≈# #≈≈≈≈≈≈#


You could see a giant frog, an adder and 2 ball pythons.


Message History

Your experience leads to an increase in your attributes!
Your base attributes are Str 10, Int 15, Dex 14.
Increase (S)trength, (I)ntelligence, or (D)exterity?
You feel clever.
You hit the giant frog but do no damage.
The giant frog hits you.
* * * LOW HITPOINT WARNING * * *
You punch the giant frog!
The giant frog is moderately wounded.
The giant frog hits you.
* * * LOW HITPOINT WARNING * * *
You hit the giant frog.
You headbutt the giant frog, but do no damage.
The giant frog is heavily wounded.
The giant frog completely misses you.
You hit the giant frog.
The giant frog is heavily wounded.
The giant frog hits you.
* * * LOW HITPOINT WARNING * * *
You barely miss the giant frog.
The giant frog is heavily wounded.
The giant frog hits you.
* * * LOW HITPOINT WARNING * * *
You hit the giant frog.
The giant frog is severely wounded.
The giant frog misses you.
You hit the giant frog.
The giant frog is severely wounded.
The giant frog hits you!
You die...

Action                   |  1- 3 |  4- 6 || total
-------------------------+-------+-------++-------
Melee: Unarmed           |   145 |   204 ||   349
 Cast: Beastly Appendage |    17 |    16 ||    33
       Sticks to Snakes  |     2 |       ||     2
  Use: Potion            |     6 |     3 ||     9
       Scroll            |       |    11 ||    11
 Stab: Sleeping          |     1 |     2 ||     3
       Distracted        |     1 |       ||     1
  Eat: Chunk             |     1 |     8 ||     9
       Bread ration      |     1 |       ||     1

Vault maps used:
D:1:      lemuel_arrival_cross
D:2:      tso_altar
D:3:      grunt_temple_overflow_open, portal_sewer_entry_b, uniq_iyjb
Sewer:    sewer_minmay_w

Notes
Turn   | Place    | Note
--------------------------------------------------------------
     0 | D:1      | RobertPalmer, the Demonspawn Transmuter, began the quest for the Orb.
     0 | D:1      | Reached XP level 1. HP: 15/15 MP: 3/3
    95 | D:1      | Reached skill level 3 in Unarmed Combat
   274 | D:1      | Gained mutation: You are partially covered in rugged brown scales (AC +1, +3% HP). [demonic ancestry]
   274 | D:1      | Reached XP level 2. HP: 13/21 MP: 2/4
   898 | D:2      | Learned a level 2 spell: Sticks to Snakes
  1303 | D:2      | Reached XP level 3. HP: 16/26 MP: 4/6
  1346 | D:2      | Reached skill level 4 in Unarmed Combat
  1923 | D:2      | Gained mutation: Your spells are a little easier to cast, but a little less powerful. [potion of mutation]
  1923 | D:2      | Gained mutation: You have sharp toenails. [potion of mutation]
  1923 | D:2      | Gained mutation: You are weak. (Str -2) [potion of mutation]
  1924 | D:2      | Gained mutation: Your natural rate of healing is unusually fast. [potion of beneficial mutation]
  1924 | D:2      | HP: 2/26 [quokka (2)]
  1925 | D:2      | Identified a potion of resistance
  1926 | D:2      | Lost mutation: You are weak. (Str -2) [potion of cure mutation]
  1926 | D:2      | Lost mutation: You have sharp toenails. [potion of cure mutation]
  1926 | D:2      | Lost mutation: Your natural rate of healing is unusually fast. [potion of cure mutation]
  1926 | D:2      | Lost mutation: Your spells are a little easier to cast, but a little less powerful. [potion of cure mutation]
  1971 | D:2      | HP: 2/26 [kobold/ stone (3)]
  1992 | D:2      | HP: 1/26 [quokka (2)]
  2751 | D:2      | Reached XP level 4. HP: 14/32 MP: 5/7
  3168 | D:2      | Found a glowing golden altar of the Shining One.
  3702 | D:3      | Reached skill level 5 in Unarmed Combat
  3723 | D:3      | Found a glowing drain.
  3762 | Sewer    | Entered a sewer
  3907 | Sewer    | Gained mutation: You have a pair of large horns on your head. [demonic ancestry]
  3907 | Sewer    | Reached XP level 5. HP: 36/38 MP: 7/9
  4770 | Sewer    | Gained mutation: You are robust (+10% HP). [potion of beneficial mutation]
  4925 | Sewer    | Noticed a giant frog
  4926 | Sewer    | Noticed a giant frog
  4944 | Sewer    | Killed a giant frog
  4944 | Sewer    | Reached skill level 6 in Unarmed Combat
  4944 | Sewer    | Reached XP level 6. HP: 22/48 MP: 10/10
  4951 | Sewer    | Slain by a giant frog

Vanquished Creatures
  A giant frog (Sewer)
  8 adders
  3 gnolls (D:2)
  3 green rats (Sewer)
  2 giant mites (D:3)
  A worm (D:2)
  A giant gecko (D:2)
  2 oozes
  3 giant cockroaches
  6 hobgoblins
  4 jackals
  A quokka (D:2)
  10 ball pythons
  A bat (D:3)
  10 giant newts
  8 goblins
  3 kobolds
  34 rats
101 creatures vanquished.
